 Dungeon Crawl Stone Soup version 0.26-a0-113-gd8a95b691d (webtiles) character file.

Game seed: 3774875950792427011

597 MrRokkomies the Conjurer (level 7, -3/41 HPs)
             Began as a Kobold Conjurer on June 24, 2020.
             Slain by an orc warrior
             ... wielding a +0 glaive
              (29 damage)
             ... on level 6 of the Dungeon on June 25, 2020.
             The game lasted 00:13:11 (6517 turns).

MrRokkomies the Conjurer (Kobold Conjurer)          Turns: 6517, Time: 00:13:11

Health: -3/41      AC:  3    Str:  6    XL:     7   Next: 68%
Magic:  1/10       EV: 18    Int: 16    God:
Gold:   155        SH:  0    Dex: 17    Spells: 0/10 levels left

rFire    . . .     SeeInvis .   a - +1 dagger (drain)
rCold    . . .     Faith    .   (shield restricted)
rNeg     . . .     Spirit   .   p - +0 robe
rPois    .         Reflect  .   (no helmet)
rElec    .         Harm     .   e - +0 cloak
rCorr    .                      (no gloves)
MR       .....                  (no boots)
Stlth    +++.......             (no amulet)
HPRegen  0.13/turn              (no ring)
MPRegen  0.12/turn              k - +4 ring of slaying

@: very slightly contaminated
A: small, carnivore
a: no special abilities


You were on level 6 of the Dungeon.
You were very full.

You visited 1 branch of the dungeon, and saw 6 of its levels.

You collected 155 gold pieces.

Inventory:

Hand Weapons
 a - a +1 dagger of draining (weapon)
 i - a +1 short sword
Missiles
 n - 15 poisoned darts (quivered)
Armour
 e - a +0 cloak (worn)
 p - a +0 robe (worn)
Jewellery
 k - a +4 ring of slaying (right hand)
Wands
 d - a wand of random effects (13)
Scrolls
 l - a scroll of immolation
 o - a scroll of teleportation
Potions
 b - a potion of cancellation
 f - a potion of resistance
 h - a potion of might
 j - 2 potions of lignification
 q - a potion of curing
 r - 2 potions of haste {unknown}
Comestibles
 c - 8 rations


   Skills:
 + Level 3.2 Fighting
 * Level 2.7 Short Blades
 - Level 5.4 Dodging
 + Level 3.9 Stealth
 - Level 2.1 Spellcasting
 * Level 6.2 Conjurations


You couldn't memorise any spells.
You knew the following spells:

 Your Spells              Type           Power        Failure   Level  Hunger
a - Magic Dart            Conj           ###.         1%          1    #......
b - Searing Ray           Conj           ###...       2%          2    ###....
c - Dazzling Flash        Conj/Hex       ##....       17%         3    ###....
d - Iskenderun's Mystic   Conj/Tloc      ##......     50%         4    #####..

Your spell library contained the following spells:

 Spells                   Type           Power        Failure   Level  Hunger
 Fulminant Prism          Conj/Hex       ##........   50%         4    #####..


Dungeon Overview and Level Annotations

Branches:
Dungeon (6/15)
 Temple: D:4-7

Altars:
Dithmenos
Sif Muna
Trog


Innate Abilities, Weirdness & Mutations

You are small and have problems with some larger weapons.
You are carnivorous and can eat meat at any time.


Message History

Press: ? - help, Shift-Dir - straight line, f/p - orc warrior
Aim: an orc warrior, wielding a +0 glaive and wearing a +0 plate armour (moderately wounded)
You miscast Searing Ray.
You are very lightly contaminated with residual magic.
Nothing appears to happen.
The orc warrior barely misses you.
Casting: Searing Ray (safe; 2% risk of failure)
Confirm with . or Enter, or press ? or * to list all spells.
Aiming: Searing Ray (safe; 2% risk of failure)
Press: ? - help, Shift-Dir - straight line, f/p - orc warrior
Aim: an orc warrior, wielding a +0 glaive and wearing a +0 plate armour (moderately wounded)
The searing ray hits the orc warrior.
The orc warrior is moderately wounded. (Press . to maintain the ray.)
The orc warrior barely misses you.
The searing ray hits the orc warrior.
The orc warrior is heavily wounded.
The orc warrior hits you from afar with a +0 glaive!!
Ouch! That really hurt!
You die...

##.##. #....#
#....# #....#
#....# #....##
######.....###
.......<##.#.#
##########.@.#
####o.# .# ..
##


You could see an orc warrior.

Vanquished Creatures
  A sky beast (D:5)
  An ice beast (D:2)
  A centaur zombie (D:5)
  2 orc priests (D:5)
  2 worker ants
  An iguana (D:5)
  3 orc wizards (D:5)
  2 hound skeletons (D:5)
  7 adders
  4 worms
  3 leopard geckos
  6 orcs (D:5)
  A ball python (D:1)
  5 bats
  2 giant cockroaches
  5 goblins
  8 hobgoblins
  3 jackals (D:5)
  4 kobolds
  3 quokkas
  5 frilled lizards
  7 rats
76 creatures vanquished.

Notes
Turn   | Place    | Note
-------+----------+-------------------------------------------
     0 | D:1      | MrRokkomies the Kobold Conjurer began the quest for the
                  | Orb.
     0 | D:1      | Reached XP level 1. HP: 10/10 MP: 3/3
   345 | D:1      | Reached XP level 2. HP: 13/16 MP: 5/5
  1140 | D:1      | Learned a level 2 spell: Searing Ray
  1160 | D:2      | Reached XP level 3. HP: 19/20 MP: 6/6
  1164 | D:2      | Reached skill level 1 in Fighting
  1796 | D:2      | Reached XP level 4. HP: 25/25 MP: 1/7
  1847 | D:2      | Learned a level 3 spell: Dazzling Flash
  2474 | D:3      | Noticed an ice beast
  2540 | D:2      | Killed an ice beast
  2540 | D:2      | Reached skill level 5 in Conjurations
  2540 | D:2      | Reached XP level 5. HP: 8/30 MP: 5/8
  3295 | D:3      | Found a bloodstained altar of Trog.
  3590 | D:3      | Reached XP level 6. HP: 31/35 MP: 5/9
  4537 | D:5      | Entered Level 5 of the Dungeon
  4645 | D:5      | Reached skill level 5 in Dodging
  4728 | D:5      | Found a shadowy altar of Dithmenos.
  4728 | D:5      | Found a shimmering blue altar of Sif Muna.
  5338 | D:5      | Upgraded the game from 0.26-a0-111-g8f6dc4e0a5 to
                  | 0.26-a0-113-gd8a95b691d
  5391 | D:5      | Reached XP level 7. HP: 22/40 MP: 2/10
  5404 | D:5      | Reached skill level 1 in Short Blades
  5676 | D:5      | Reached skill level 6 in Conjurations
  5944 | D:5      | Got a brightly glowing chain mail
  5945 | D:5      | Identified the +3 chain mail of the Armoured One {Regen+}
                  | (You found it on level 5 of the Dungeon)
  6506 | D:6      | Learned a level 4 spell: Iskenderun's Mystic Blast
  6517 | D:6      | Slain by an orc warrior

Illustrated notes

Levels and vault maps discovered:
D:1:      shiori_arrival_oz, layout_loops_ring
D:2:      cheibrodos_helix_gallery, layout_loops_ring, first_ration,
          nrook_mini_backslash
D:3:      layout_basic, bloody_trog
D:4:      layout_basic
D:5:      layout_layer_cave, chequers_temple_overflow_statue_of_worship
D:6:      layout_basic, dancing_weapons_uskayaw,
          nicolae_ossuary_entry_catacombs, serial_park_tiny_pond, st_stairs_7,
          minmay_fractal_squares_gapless_5

Skill      XL: |  1  2  3  4  5  6  7 |
---------------+----------------------+-----
Dodging        | 3 4 5 |  5.4
Fighting       | 1 2 3 |  3.2
Conjurations   | 5 6 |  6.2
Stealth        | 3 |  3.9
Short Blades   | 2 |  2.7
Spellcasting   | |  2.1

Action                   |  1- 3 |  4- 6 |  7- 9 || total
-------------------------+-------+-------+-------++-------
Melee: Whip              |    35 |       |       ||    35
       Short sword       |    37 |   133 |     7 ||   177
       Hand axe          |     9 |       |       ||     9
       Dagger            |       |       |    22 ||    22
Throw: Dart              |       |     5 |       ||     5
 Cast: Magic Dart        |    17 |    13 |     2 ||    32
       Searing Ray       |     3 |     7 |     4 ||    14
  Use: Scroll            |     4 |     7 |     4 ||    15
       Potion            |       |     1 |       ||     1
 Stab: Sleeping          |     4 |     4 |     1 ||     9
       Distracted        |     1 |       |       ||     1
  Eat: Chunk             |    12 |    11 |     3 ||    26
Armor: Robe              |     7 |    11 |     3 ||    21
Dodge: Dodged            |    67 |   133 |    26 ||   226

Table legend:
 A = Non-vault XP
 B = Vault XP
 C = Vault XP percentage of total XP
 D = Non-vault monster count
 E = Vault monster count
 F = Vault count percentage of total count
                 A         B        C        D         E       F
            +---------+---------+-------+---------+---------+-------
      Total |     848 |       5 |   0.6 |      72 |       4 |   5.3
            +---------+---------+-------+---------+---------+-------
        D:1 |      25 |       3 |  10.7 |      15 |       2 |  11.8
        D:2 |     196 |       2 |   1.0 |      19 |       2 |   9.5
        D:3 |      57 |       0 |   0.0 |      12 |       0 |   0.0
        D:4 |      37 |       0 |   0.0 |       2 |       0 |   0.0
        D:5 |     533 |       0 |   0.0 |      24 |       0 |   0.0
            +---------+---------+-------+---------+---------+-------
